 Dungeon Crawl Stone Soup version 0.17-b1-15-g0f5fb43 (webtiles) character file.

167 Cookie the Covered (level 5, -1/38 HPs)
             Began as a Demonspawn Gladiator on Nov 7, 2015.
             Slain by Cookie's ghost (3 damage)
             ... on level 3 of the Dungeon.
             The game lasted 00:06:23 (1371 turns).

Cookie the Covered (Demonspawn Gladiator)           Turns: 1371, Time: 00:06:23

Health: -1/38      AC: 17    Str: 16    XL:     5   Next: 23%
Magic:  5/5        EV:  6    Int:  9    God:
Gold:   100        SH:  0    Dex: 14    Spells: 0 memorised, 4 levels left

rFire  . . .     SeeInvis .     a - +0 trident
rCold  . . .     Clarity  .     j - +0 ring mail
rNeg   . . .     SustAt   .     (no shield)
rPois  .         Gourm    .     c - +0 helmet
rElec  .         Spirit   .     k - +0 cloak
rCorr  .         Warding  .     (no gloves)
rMut   .         Stasis   .     (no boots)
MR     .....                    (no amulet)
Stlth  ..........               (no ring)
                                l - +6 ring of protection

@: not resistant to hostile enchantments, extremely unstealthy
A: hooves 2, molten scales 2
a: no special abilities


You were on level 3 of the Dungeon.
You were not hungry.

You visited 1 branch of the dungeon, and saw 3 of its levels.

You collected 100 gold pieces.

Inventory:

Hand Weapons
 a - a +0 trident (weapon)
 n - a cursed -1 halberd
Missiles
 d - 4 throwing nets (quivered)
Armour
 b - a +0 leather armour
 c - a +0 helmet (worn)
 j - a +0 ring mail (worn)
 k - a +0 cloak (worn)
Jewellery
 l - a +6 ring of protection (left hand)
Wands
 y - a wand of random effects (16)
Scrolls
 f - a scroll of remove curse {unknown}
 g - 2 scrolls of random uselessness {unknown}
 m - a scroll of teleportation {unknown}
 o - a scroll of blinking {unknown}
 q - 3 scrolls of recharging {unknown}
 r - a scroll of enchant weapon {unknown}
 s - a scroll of noise {unknown}
 w - a scroll of fog {unknown}
Potions
 h - a potion of magic {unknown}
 i - a potion of haste {unknown}
 p - a potion of poison {unknown}
 t - a potion of ambrosia {unknown}
 v - a potion of might {unknown}
 x - 2 potions of beneficial mutation {unknown}
Comestibles
 e - 3 bread rations
 u - a royal jelly


   Skills:
 - Level 2.0 Fighting
 - Level 2.6 Polearms
 - Level 1.7 Throwing
 + Level 4.2 Armour
 - Level 3.1 Dodging


You had 4 spell levels left.
You didn't know any spells.

Dungeon Overview and Level Annotations

Branches:
Dungeon (3/15)

Altars:

Annotations:
D:3 Cookie's ghost, amateur DsWn


Innate Abilities, Weirdness & Mutations

You have hoof-like feet.
You are mostly covered in molten scales (AC +3, EV -1).


Message History

Cookie's ghost is severely damaged.
Cookie's ghost hits you but does no damage.
You hit Cookie's ghost.
Cookie's ghost is severely damaged.
Cookie's ghost barely misses you.
You hit Cookie's ghost but do no damage.
You kick Cookie's ghost, but do no damage.
Cookie's ghost is severely damaged.
Cookie's ghost hits you!
* * * LOW HITPOINT WARNING * * *
You puncture Cookie's ghost!
Cookie's ghost is almost destroyed.
Cookie's ghost hits you but does no damage.
Cookie's ghost hits you!
* * * LOW HITPOINT WARNING * * *
Things that are here:
a runed robe; a rat corpse
There is a stone staircase leading up here.
Cookie's ghost hits you.
You die...

...# <..# ...# ..##
###### #.## #....#
#..## #....# ##..#
#....#
###.######....#########
#........[.....W@.....#
..#..#####....#######.#
####.# #....# #..
#....# ###.. #....# ...
#. ....### .... #####..
.... ### ...


You could see Cookie's ghost.

Vanquished Creatures
  Jessica (D:3)
  Natasha (twice) (D:3)
  2 gnolls (D:1)
  2 adders (D:2)
  An ooze (D:2)
  3 worms
  7 giant geckos
  2 giant cockroaches
  4 hobgoblins
  4 kobolds
  3 quokkas
  3 ball pythons
  6 bats
  2 giant newts
  6 goblins
  9 rats
57 creatures vanquished.

Notes
Turn   | Place    | Note
--------------------------------------------------------------
     0 | D:1      | Cookie the Demonspawn Gladiator began the quest for the Orb.
     0 | D:1      | Reached XP level 1. HP: 16/16 MP: 1/1
   178 | D:1      | Reached skill level 3 in Dodging
   272 | D:1      | Gained mutation: You are partially covered in molten scales (AC +1). [demonic ancestry]
   272 | D:1      | Reached XP level 2. HP: 19/22 MP: 2/2
   368 | D:1      | Reached skill level 1 in Armour
   423 | D:1      | Gained mutation: You are mostly covered in molten scales (AC +3, EV -1). [demonic ancestry]
   423 | D:1      | Reached XP level 3. HP: 24/27 MP: 3/3
   840 | D:2      | Gained mutation: You have large cloven feet. [demonic ancestry]
   840 | D:2      | Reached XP level 4. HP: 33/33 MP: 4/4
  1268 | D:3      | Noticed Natasha
  1294 | D:3      | Killed Natasha
  1317 | D:3      | Noticed Natasha
  1322 | D:3      | Killed Natasha
  1323 | D:3      | Gained mutation: You have hoof-like feet. [demonic ancestry]
  1323 | D:3      | Reached XP level 5. HP: 38/38 MP: 5/5
  1332 | D:3      | Noticed Jessica
  1341 | D:3      | Killed Jessica
  1341 | D:3      | Reached skill level 4 in Armour
  1347 | D:3      | Noticed Cookie's ghost (amateur DsWn)
  1362 | D:3      | HP: 1/38 [Cookie's ghost (10)]
  1371 | D:3      | Slain by Cookie's ghost

Action                   |  1- 3 |  4- 6 || total
-------------------------+-------+-------++-------
Melee: Trident           |   116 |   105 ||   221
  Eat: Chunk             |       |     2 ||     2
